AoeStats
← chekoww

Arabia

504322463Analyzed
2v2 RM · 26d ago on Sep 4, 2026· 53m 32s· 4 players
Game mode
Random Map
Map size
Medium (4 player)
Population
200
Speed
Normal
Resources
Standard
Victory
Conquest
Starting age
Dark Age
Ending age
Imperial Age
RankedLock teamsTeams togetherTeam positionsShared explorationLock speedFull tech treeHidden civsTurbo modeCheats
Victory
Defeat
🇹🇷 Byzantines · Türkiye
606
+12
🇹🇷 Vietnamese · Türkiye
595
+13
🇸🇪 Vietnamese · Sweden
563
-14
🇨🇴 Malay · Colombia
483
-11
chekoww
0:37 Loom
10:02 Feudal Age
13:07 Stone Mining
16:11 Town Watch
17:07 Man-at-Arms
17:33 Arson
26:30 Castle Age
25:33 Fletching
25:36 Double-Bit Axe
28:38 Gold Mining
30:27 Bow Saw
31:38 Horse Collar
33:23 Heavy Plow
36:15 Stone Shaft Mining
40:51 Imperial Age
38:12 Treadmill Crane
38:39 Scale Barding Armor
39:59 Chatras
40:31 Murder Holes
42:56 Crop Rotation
42:26 Crossbowman
44:59 Wheelbarrow
45:35 Two-Man Saw
45:02 Ballistics
44:40 Bodkin Arrow
45:18 Forging
47:10 Chemistry
46:42 Elite Skirmisher
46:44 Arbalester
49:53 Hand Cart
49:40 Bracer
49:41 Padded Archer Armor
49:41 Scale Mail Armor
50:02 Chain Barding Armor
50:18 Iron Casting
49:45 Caravan
50:16 Coinage
51:05 Block Printing
51:16 Illumination
50:51 Devotion
51:12 Sanctity
51:32 Paper Money
51:28 Thumb Ring
52:37 Elite Rattan Archer
Renyman III
12:22 Feudal Age
12:44 Double-Bit Axe
20:26 Castle Age
30:38 Loom
37:36 Forging
46:33 Elite Skirmisher
Finagle
9:25 Loom
11:12 Feudal Age
12:22 Double-Bit Axe
14:31 Man-at-Arms
18:31 Wheelbarrow
19:59 Gold Mining
23:21 Castle Age
22:03 Fletching
22:21 Padded Archer Armor
24:34 Bow Saw
26:15 Bodkin Arrow
26:36 Leather Archer Armor
25:46 Crossbowman
26:31 Thumb Ring
27:04 Stone Mining
27:52 Hand Cart
32:24 Stone Shaft Mining
33:36 Chatras
36:34 Imperial Age
37:23 Bracer
42:03 Ballistics
42:44 Chemistry
42:59 Two-Man Saw
44:56 Elite Rattan Archer
46:12 Hoardings
45:58 Paper Money
46:21 Arbalester
46:54 Arrowslits
47:44 Ring Archer Armor
48:45 Treadmill Crane
49:14 Siege Engineers
LcofJurns
10:11 Loom
11:57 Feudal Age
12:45 Horse Collar
12:59 Double-Bit Axe
15:44 Man-at-Arms
21:32 Horse Collar
25:38 Castle Age
24:12 Gold Mining
25:15 Forging
26:26 Wheelbarrow
26:45 Stone Mining
27:31 Gold Shaft Mining
29:09 Iron Casting
29:17 Stone Shaft Mining
30:55 Hand Cart
32:03 Heavy Plow
33:22 Bow Saw
34:40 Husbandry
39:34 Imperial Age
38:06 Scale Barding Armor
40:51 Treadmill Crane
41:45 Chain Barding Armor
40:50 Cavalier
43:28 Two-Man Saw
43:07 Plate Barding Armor
42:42 Heavy Cavalry Archer
44:46 Paladin
47:31 Ballistics
48:12 Chemistry
48:28 Elite Cataphract
49:24 Logistica
Connection lost

Rejoining the realm…

Still unreachable

The connection could not be restored.

Session expired

The server has moved on; the page needs a fresh start.